[Event "German-ch Blitz Women 2022"]
[Site "Magdeburg"]
[Date "2022.08.13"]
[Round "2.1"]
[White "Paehtz, Elisabeth"]
[Black "Melamed, Tatjana"]
[Result "1/2-1/2"]
[ECO "E62"]
[WhiteElo "2484"]
[BlackElo "2380"]
[Annotator "TA"]
[PlyCount "40"]
[EventDate "2022.08.10"]
[EventType "tourn"]
[EventCountry "GER"]
[SourceTitle "playchess.com"]
[Source "ChessBase"]
[SourceQuality "1"]
[TimeControl "180+2"]

1. d4 Nf6 2. Nf3 g6 3. g3 Bg7 4. Bg2 O-O 5. O-O d6 6. c4 c6 7. Nc3 Bf5 8. Nh4 Be6 9. d5 cxd5 10. cxd5 Bd7 11. a3 {[%emt 0:00:12] E62: King's Indian: Fianchetto: 6...c6 and Panno Variation (6...Nc6) without ...a6.} Na6 12. Be3 Nc7 {[%emt 0:00:08] [#]} 13. Bd4 $146 {[%emt 0:00:06] White has an edge.} ({Predecessor:} 13. Rc1 Nb5 14. Nxb5 Bxb5 15. a4 Bd7 16. Qb3 Qa5 17. Qxb7 Rfb8 18. Qc7 Qa6 19. Qc2 Bxa4 {½-½ (64) Golubenko,V (2269)-Seps,M (2236) Tromsoe 2014}) 13... Nb5 14. Nxb5 Bxb5 15. Rc1 a6 16. Qd2 Rc8 17. Rxc8 Qxc8 18. Rc1 {[%emt 0:00:01] Against Qc4} Qd7 19. Qc2 Qg4 20. e4 Bh6 {[%emt 0:00:21] Weighted Error Value: White=0.09 (flawless) /Black=0.11 (very precise)} 1/2-1/2

[Event "German-ch Blitz Women 2022"]
[Site "Magdeburg"]
[Date "2022.08.13"]
[Round "2.2"]
[White "Schulze, Lara"]
[Black "Stärk, Elisa"]
[Result "0-1"]
[ECO "B06"]
[WhiteElo "2292"]
[BlackElo "1950"]
[Annotator "TA"]
[PlyCount "113"]
[EventDate "2022.08.10"]
[EventType "tourn"]
[EventCountry "GER"]
[SourceTitle "playchess.com"]
[Source "ChessBase"]
[SourceQuality "1"]
[TimeControl "180+2"]

1. e4 g6 2. d4 Bg7 3. Nf3 c5 4. d5 d6 5. Nc3 Nf6 6. h3 O-O 7. Be2 a6 8. a4 Nbd7 9. O-O Re8 {[%emt 0:00:09] A43: Schmid Benoni.} 10. Bf4 Nh5 11. Bh2 {[%emt 0:00:10] [#]} Ne5 $146 ({Better is} 11... Bh6 $14) ({Predecessor:} 11... Qc7 12. Nd2 Nhf6 13. f4 e5 14. dxe6 fxe6 15. Nc4 d5 16. exd5 Nxd5 17. Nxd5 exd5 18. Qxd5+ {1-0 (35) Mabic,G (2123)-Matas,M (2053) Sibenik 2007}) 12. Nxe5 $18 Bxe5 (12... dxe5 $142 13. Bxh5 gxh5 14. Qxh5 Qd6) 13. Bxe5 dxe5 14. Bxh5 gxh5 15. Qxh5 Qd6 16. Rfe1 Kh8 17. Re3 Bd7 18. a5 Rg8 19. Kh1 Rg6 20. Ne2 ({White should try} 20. Rg3 $18) 20... Rag8 {[%emt 0:00:05] [#]} (20... Rh6 $1 $14 21. Qxf7 Rf6) 21. Ng3 (21. Rg3 $1 $18) 21... Bg4 $1 $14 22. Nf5 $2 Bxh5 $19 23. Nxd6 exd6 24. g4 {[%emt 0:00:02] [#]} Bxg4 25. hxg4 Rxg4 {[%emt 0:00:05][%mdl 4096] Endgame ( -> ...Rh4+). KRR-KRR} 26. Rg3 (26. Raa3 $142) 26... Rh4+ ({Don't blunder} 26... Rxg3 $2 27. fxg3 Rxg3 28. Re1 $19) 27. Kg2 Rxg3+ ({But not} 27... Rxe4 $2 28. Rxg8+ Kxg8 29. Ra3 $19) 28. fxg3 (28. Kxg3 $142 Rxe4 29. Kf3) 28... Rxe4 {[%emt 0:00:01] White must now prevent ...Re2+. KR-KR} 29. Kf3 Rd4 30. Ra3 c4 31. Ra4 (31. b3 {was the only defense.}) 31... Rxd5 32. Rxc4 Rxa5 33. Rc7 Rb5 34. b3 Kg7 35. Ke4 Kf6 36. Rd7 Ke6 37. Rd8 d5+ 38. Kd3 Rc5 39. Rh8 $2 (39. Re8+ Kf6 40. c3) 39... e4+ 40. Kd2 d4 {[%emt 0:00:07] Inhibits c3.} 41. Rxh7 Rg5 42. Rh6+ f6 43. Rh3 Ke5 44. Ke2 f5 45. Kd2 Rg7 {[%emt 0:00:05] Hoping for ...e3+.} 46. Ke2 Rc7 47. Kd2 e3+ 48. Kd1 Ke4 49. Rh4+ Ke5 $2 (49... Kf3 $19 {And now ...e2+ would win.} 50. Rf4+ Kxg3 51. Rxf5 Rh7) 50. Rh8 $2 (50. Rh3 $11 e2+ 51. Kxe2 Rxc2+ 52. Kd1) 50... Rg7 51. Re8+ Kd5 52. Rd8+ Ke4 53. Re8+ Kf3 54. Rf8 Rg4 (54... Rg5 $142 55. Kc1 Rh5) 55. Ke1 e2 $2 (55... f4 $19 56. Rh8 fxg3) 56. Rxf5+ $11 Ke3 {[%emt 0:00:01] Strongly threatening ...d3.} 57. Re5+ {[%emt 0:00:00][%mdl 32768] Weighted Error Value: White=0.81/Black=0.29 (precise) . Loss on time!?} 0-1

[Event "German-ch Blitz Women 2022"]
[Site "Magdeburg"]
[Date "2022.08.13"]
[Round "2.3"]
[White "Nikolaeva, Mariya A"]
[Black "Zschischang, Marine"]
[Result "1/2-1/2"]
[ECO "C02"]
[WhiteElo "1309"]
[BlackElo "2083"]
[Annotator "NA RC"]
[PlyCount "89"]
[EventDate "2022.08.10"]
[EventType "tourn"]
[EventCountry "GER"]
[SourceTitle "playchess.com"]
[Source "ChessBase"]
[SourceQuality "1"]
[TimeControl "180+2"]

1. e4 e6 2. d4 d5 3. e5 c5 4. c3 Nc6 5. Nf3 Qb6 6. a3 c4 7. Nbd2 Na5 8. g3 Bd7 9. Bg2 Ne7 10. O-O Nc8 11. Ne1 Qc7 12. f4 g6 13. Nef3 Nb6 14. Re1 O-O-O 15. Qc2 Be7 16. b4 cxb3 17. Nxb3 Ba4 18. Rb1 Nxb3 19. Rxb3 Bxb3 20. Qxb3 Qc4 21. Qc2 Kb8 22. Nd2 Qc7 23. Nb3 Rc8 24. Bb2 Nc4 25. Rc1 Nxa3 26. Bxa3 Bxa3 27. Ra1 Be7 28. Qa2 a6 29. Bf1 Qb6 30. Rb1 Rxc3 31. Na5 Qxd4+ 32. Kh1 b5 33. Bxb5 axb5 34. Rxb5+ Kc8 35. Nb3 Qe4+ 36. Kg1 Rc1+ 37. Nxc1 Qe1+ 38. Kg2 Qe4+ 39. Kg1 Qe3+ 40. Kg2 Qe4+ 41. Kg1 Qd4+ 42. Kg2 Qe4+ 43. Kg1 Qe3+ 44. Kg2 Qe4+ 45. Kg1 1/2-1/2

[Event "German-ch Blitz Women 2022"]
[Site "Magdeburg"]
[Date "2022.08.13"]
[Round "2.4"]
[White "Zhou, Lepu Coco"]
[Black "Schuster, Rebekka"]
[Result "1/2-1/2"]
[ECO "C14"]
[WhiteElo "1986"]
[BlackElo "1815"]
[Annotator "TA"]
[PlyCount "33"]
[EventDate "2022.08.10"]
[EventType "tourn"]
[EventCountry "GER"]
[SourceTitle "playchess.com"]
[Source "ChessBase"]
[SourceQuality "1"]
[TimeControl "180+2"]

1. e4 e6 2. d4 d5 3. Nc3 Nf6 4. Bg5 Be7 5. e5 Nfd7 6. Bxe7 Qxe7 7. f4 a6 8. Qg4 f6 {[%emt 0:00:14] C14: French: Classical System: 4 Bg5 Be7 main line.} 9. Nf3 O-O {[%emt 0:00:05] [#]} 10. h4 $146 (10. O-O-O $14 {feels stronger.}) ({Predecessor:} 10. Bd3 f5 11. Qh3 c5 12. g4 c4 13. Bxf5 exf5 14. Nxd5 Qd8 15. Ng5 h6 16. Ne6 {1-0 (31) Wijesinghe,W (1575)-Ranganath,T (1362) Colombo 2020}) 10... c5 $1 $11 {[%emt 0:00:12] The position is equal.} 11. Bd3 {[%emt 0:00:31][%cal Od3h7] Bxh7+! is the strong threat.} c4 $2 {[%emt 0:00:46][%mdl 8192] [#]} (11... cxd4 $11 {and Black is okay.} 12. Nxd4 Nc5) 12. Bxh7+ $1 $18 Kxh7 {[%emt 0:00:00] [#]} 13. Ng5+ $2 $40 {[%emt 0:00:08][%mdl 128] White wants a kill.} ({Worse is} 13. h5 Nc6 14. O-O-O Nb6 $17) ({Wrong is} 13. f5 $2 Kg8 14. Qg6 (14. fxe6 $2 Nb6 $19) 14... Nc6 $19) (13. Qh5+ $1 $18 {is the precise move to win.} Kg8 {[#]} 14. Ng5 $1 ) 13... fxg5 $4 (13... Kh6 $16) 14. hxg5+ Kg8 15. g6 Rf5 16. Rh8+ Kxh8 17. Qh3+ {[%emt 0:00:01][%mdl 32768] Weighted Error Value: White=0.50/Black=1.39. An unexpected result.} 1/2-1/2

[Event "German-ch Blitz Women 2022"]
[Site "Magdeburg"]
[Date "2022.08.13"]
[Round "2.5"]
[White "Muetsch, Annmarie"]
[Black "Fock, Sana"]
[Result "1-0"]
[ECO "B23"]
[WhiteElo "2249"]
[BlackElo "1807"]
[Annotator "TA"]
[PlyCount "59"]
[EventDate "2022.08.10"]
[EventType "tourn"]
[EventCountry "GER"]
[SourceTitle "playchess.com"]
[Source "ChessBase"]
[SourceQuality "1"]
[TimeControl "180+2"]

1. e4 c5 2. Nc3 d6 3. d3 g6 4. g3 Bg7 5. Bg2 e6 6. h4 {[%emt 0:00:05] B23: Closed Sicilian: Lines without g3.} h5 7. Nh3 Nc6 8. O-O {[%emt 0:00:06] The position is equal.} Nge7 9. Bg5 {[%emt 0:00:14] [#]} Qc7 $146 ({Predecessor:} 9... Rb8 10. Qd2 b5 11. a3 a5 12. Rae1 f6 13. Be3 b4 14. axb4 axb4 15. Nd1 e5 {0-1 (32) Tudela Corbalan,C (2209)-Lopez Martinez,J (2535) Lorca 2015}) 10. Qd2 f6 (10... Rb8 {is interesting.} 11. Nb5 Qd8 12. c3 e5) 11. Be3 a6 12. a4 Bd7 13. Ne2 O-O 14. Bh6 e5 15. Bxg7 Kxg7 16. f4 Nd4 17. Kh2 Nxe2 18. Qxe2 Kh6 (18... Bg4 $142 19. Qd2 Rad8) 19. Qd2 {[%emt 0:00:22] [#] fxe5+ is the strong threat.} Kh7 (19... Kg7 $11) 20. Rf2 (20. f5 $5) 20... Bg4 21. Raf1 {[%emt 0:00:06] And now fxe5 would win.} Ng8 22. Bf3 Bxh3 23. Kxh3 {[%emt 0:00:02] next f5 is good for White.} Qd7+ (23... exf4 $11 24. gxf4 f5) 24. Kh2 (24. f5 $1 $16) 24... Qe7 $2 {[%emt 0:00:03] Black cannot hold the game after this.} (24... exf4 $1 $11 25. gxf4 (25. Qxf4 Nh6 $11) 25... f5) 25. f5 $18 Qg7 (25... gxf5 $142 26. Bxh5 fxe4) 26. fxg6+ Qxg6 27. Qe2 Kh6 28. Bg2 (28. g4 $18) 28... Rf7 (28... Kg7 $16 29. Bf3 Kh8 30. Bxh5 Qg7) 29. Bh3 {[%emt 0:00:05] [#] aiming for Bf5.} Rg7 $2 (29... Kg7 30. Rf5 Ne7) 30. Qe3+ {[%emt 0:00:03] Weighted Error Value: White=0.21 (precise) /Black=0.36} 1-0

[Event "German-ch Blitz Women 2022"]
[Site "Magdeburg"]
[Date "2022.08.13"]
[Round "2.6"]
[White "Daemering, Katrin"]
[Black "Heil, Marina"]
[Result "0-1"]
[ECO "B00"]
[WhiteElo "1965"]
[BlackElo "1926"]
[Annotator "TA"]
[PlyCount "36"]
[EventDate "2022.08.10"]
[EventType "tourn"]
[EventCountry "GER"]
[SourceTitle "playchess.com"]
[Source "ChessBase"]
[SourceQuality "1"]
[TimeControl "180+2"]

1. e4 d6 2. d4 Nf6 3. Bd3 e5 4. Nf3 Nbd7 5. Nc3 Be7 6. h3 {C41: Philidor Defence.} c6 7. Be3 h6 8. Qd2 {White is slightly better.} Qc7 9. O-O g5 10. Rad1 Nf8 11. dxe5 dxe5 {[#]} 12. Bc4 $146 ({Predecessor:} 12. Bxg5 hxg5 13. Qxg5 Ng6 14. Ne2 Bd7 15. Ng3 O-O-O 16. Nf5 Bxf5 17. Qxf5+ Kb8 18. Bc4 Rh5 19. Ng5 Nxe4 20. Qxe4 Rxg5 21. Bxf7 Nf4 22. Rxd8+ Bxd8 {0-1 (22) Emmanuel,B (1042)-Noble,J (1263) LSS email 2008}) 12... Ng6 13. Ne1 Nf4 14. Nd3 Rg8 15. f3 a5 16. a4 {Inhibits b5.} N6h5 17. Ne2 (17. Kh2 $16) 17... Bd7 (17... Nxe2+ $15 {keeps the upper hand.} 18. Qxe2 Ng3) 18. Qc3 $2 {[%mdl 8192] [#]} Nxe2+ {Weighted Error Value: White=0.72/Black=0.32} 0-1

[Event "German-ch Blitz Women 2022"]
[Site "Magdeburg"]
[Date "2022.08.13"]
[Round "2.7"]
[White "Khrapko, Marharyta"]
[Black "Leveikina, Jevgenija"]
[Result "1-0"]
[ECO "A01"]
[WhiteElo "2128"]
[BlackElo "2061"]
[Annotator "NA RC"]
[PlyCount "69"]
[EventDate "2022.08.10"]
[EventType "tourn"]
[EventCountry "GER"]
[SourceTitle "playchess.com"]
[Source "ChessBase"]
[SourceQuality "1"]
[TimeControl "180+2"]

1. b3 c6 2. Bb2 d5 3. e3 Nf6 4. c4 Bf5 5. Nc3 e6 6. Nf3 Be7 7. d3 O-O 8. Be2 a5 9. O-O Nbd7 10. Qd2 h6 11. Rac1 Rc8 12. Rfd1 Nc5 13. h3 Re8 14. Bf1 Qc7 15. Qe2 Qb8 16. g3 Rcd8 17. Ne1 Bg6 18. Bg2 Qa7 19. e4 dxe4 20. dxe4 e5 21. Kh2 Qb8 22. Nc2 Rxd1 23. Rxd1 Rd8 24. f3 Ne6 25. Na4 Nd7 26. Ne3 Ndc5 27. Nxc5 Nxc5 28. Rxd8+ Bxd8 29. Qd1 Bg5 30. Ng4 Bf6 31. Nxf6+ gxf6 32. Qd2 Kh7 33. Qxa5 Qd6 34. Ba3 b5 35. Qb4 1-0

[Event "German-ch Blitz Women 2022"]
[Site "Magdeburg"]
[Date "2022.08.13"]
[Round "2.8"]
[White "Grabowski, Petra"]
[Black "Kosovska, Olena"]
[Result "0-1"]
[ECO "B06"]
[WhiteElo "1643"]
[BlackElo "1831"]
[Annotator "NA RC COMBH"]
[PlyCount "80"]
[EventDate "2022.08.10"]
[EventType "tourn"]
[EventCountry "GER"]
[SourceTitle "playchess.com"]
[Source "ChessBase"]
[SourceQuality "1"]
[TimeControl "180+2"]

1. d4 g6 2. e4 Bg7 3. Nc3 d6 4. Be3 Nf6 5. Qd2 O-O 6. Bh6 c5 7. Nf3 cxd4 8. Nxd4 Nc6 9. Bxg7 Kxg7 10. O-O-O a6 11. Be2 Qc7 12. h4 h5 13. Rdg1 e5 14. Nxc6 bxc6 15. g4 Nxg4 16. Bxg4 Bxg4 17. Qg5 Qd8 18. Rxg4 hxg4 19. Qxg4 Qf6 20. h5 Qf4+ 21. Qxf4 exf4 22. h6+ Kh7 23. f3 Rfd8 24. Ne2 g5 25. Rh5 f6 26. Nd4 d5 27. Nxc6 Rd6 28. exd5 Rxd5 29. Ne7 Re5 30. Nc6 Re3 31. Nd4 Rd8 32. c3 Kg6 33. Rh2 Rh8 34. Nc2 Rxf3 35. Re2 Rxh6 36. Nd4 Rf1+ 37. Kc2 Rhh1 38. Kb3 f3 39. Nc2 fxe2 40. Ne3 e1=Q 0-1

[Event "German-ch Blitz Women 2022"]
[Site "Magdeburg"]
[Date "2022.08.13"]
[Round "2.9"]
[White "Braun, Kristin"]
[Black "Falke, Ornella"]
[Result "1-0"]
[ECO "B90"]
[WhiteElo "1897"]
[BlackElo "1912"]
[Annotator "TA"]
[PlyCount "65"]
[EventDate "2022.08.10"]
[EventType "tourn"]
[EventCountry "GER"]
[SourceTitle "playchess.com"]
[Source "ChessBase"]
[SourceQuality "1"]
[TimeControl "180+2"]

1. e4 c5 2. Nf3 d6 3. d4 cxd4 4. Nxd4 Nf6 5. Nc3 a6 6. Qf3 g6 {[%emt 0:00:06] B90: Sicilian Najdorf: Unusual White 6th moves, 6 Be3 Ng4 and 6 Be3 e5.} 7. Be3 Bg7 8. O-O-O $2 (8. h3 $11) 8... Nbd7 $2 (8... Bg4 $19 9. Qg3 Bxd1 10. Kxd1 Nc6 11. Nxc6 bxc6) 9. h3 $1 $14 Ne5 {[%emt 0:00:03] [#]} 10. Qe2 $146 ({Predecessor:} 10. Qg3 Qc7 11. Kb1 Nc4 12. Bg5 Be6 13. Nxe6 fxe6 14. Bxc4 Qxc4 15. e5 dxe5 16. Qxe5 {1-0 (42) Papp,G (2559)-Basso,P (2322) Oslo 2014}) 10... b5 11. g4 (11. f4 $11 Nc4 12. e5) 11... Bb7 $15 {[%emt 0:00:05] Strongly threatening ...b4.} 12. b3 $2 ({White should try} 12. Bg2 $15) 12... Nxe4 $2 (12... Rc8 $19 {has better winning chances.} 13. Bd2 Qa5) 13. Nxe4 $17 Bxe4 14. f3 Bb7 15. Bg2 Qa5 ({Black should play} 15... Qc7 $17 {White must now prevent ...0-0.} 16. f4 Bxg2 17. Qxg2 Rc8 $1 18. fxe5 dxe5) 16. Kb1 (16. f4 $11 Nc4 17. bxc4 Qa3+ 18. Kd2 Qb4+ 19. Kc1 Qa3+ 20. Kd2 Qb4+ 21. Kc1 Qa3+) 16... O-O $1 17. f4 Bxg2 18. Qxg2 {[%emt 0:00:00] [#]} Nd7 (18... Nc4 $1 $17 19. Bc1 Qb4) 19. Nc6 ({White has to play} 19. h4 $1 $14) 19... Qa3 $2 (19... Qc3 $15 {stays ahead.} 20. Bd4 Bxd4 21. Rxd4 Rae8) 20. Nxe7+ $16 Kh8 21. Bd4 {[%emt 0:00:01] Inhibits Qb2+. Active counter play!} Bxd4 22. Rxd4 Rac8 $2 (22... Rae8 {is tougher.}) 23. Nxc8 $18 Rxc8 24. Rhd1 Nc5 (24... Nb6 $142 25. Qb7 (25. Rxd6 Na4 $11) 25... Qc5) 25. Rxd6 $2 (25. f5 $18) 25... Kg7 $2 (25... Na4 $11 26. c4 (26. bxa4 Qb4+ 27. Kc1 Qa3+ 28. Kb1 Qb4+ 29. Kc1 Qa3+ 30. Kb1 $11) 26... Nc3+ 27. Ka1 Nxd1 28. Rxd1 bxc4) 26. Qd5 {[%emt 0:00:08] White wants to mate with Qe5+.} Ne6 27. g5 (27. Qe5+ $142 Kg8 28. Rxe6) 27... Rc5 {[%emt 0:00:06] [#]} (27... Qc5 $18 28. Qxc5 (28. Rxa6 $2 Qxc2+ 29. Ka1 Qc3+ 30. Kb1 Nc7 $19) 28... Rxc5 29. Rxa6 Nxf4) 28. Qd2 (28. Qxe6 $142 $3 Rf5 29. Qe8 Qc5 {[#]} 30. Rxg6+ $3 hxg6 31. Rd8 Qg1+ 32. Kb2 Qd4+ 33. Rxd4 Re5 34. Qxe5+ Kh7 35. Rd8 f5 36. Qh8#) 28... Rf5 29. Qc3+ Kf8 {[%emt 0:00:22] [#]} 30. Rd8+ $1 {[%emt 0:00:04] White mates.} Nxd8 31. Rxd8+ Ke7 32. Qc7+ Ke6 33. Qd7# {[%emt 0:00:06] Weighted Error Value: White=0.95/Black=1.46} 1-0

[Event "German-ch Blitz Women 2022"]
[Site "Magdeburg"]
[Date "2022.08.13"]
[Round "2.10"]
[White "Skibbe, Diana"]
[Black "Stangl, Anita"]
[Result "1-0"]
[ECO "C11"]
[WhiteElo "1943"]
[BlackElo "2023"]
[Annotator "NA RC"]
[PlyCount "37"]
[EventDate "2022.08.10"]
[EventType "tourn"]
[EventCountry "GER"]
[SourceTitle "playchess.com"]
[Source "ChessBase"]
[SourceQuality "1"]
[TimeControl "180+2"]

1. e4 e6 2. d4 d5 3. Nc3 Nf6 4. e5 Nfd7 5. f4 c5 6. Nf3 Nc6 7. Ne2 cxd4 8. Nexd4 Qb6 9. c3 Nxd4 10. Nxd4 f6 11. Bd3 g6 12. O-O fxe5 13. fxe5 Nxe5 14. Bb5+ Bd7 15. Bxd7+ Kxd7 16. Kh1 Re8 17. Qa4+ Kc8 18. Qxe8+ Kc7 19. Nxe6+ 1-0

[Event "German-ch Blitz Women 2022"]
[Site "Magdeburg"]
[Date "2022.08.13"]
[Round "2.11"]
[White "Rath, Alina"]
[Black "Wulf, Constanze"]
[Result "1-0"]
[ECO "A11"]
[WhiteElo "2062"]
[BlackElo "1835"]
[Annotator "NA RC"]
[PlyCount "35"]
[EventDate "2022.08.10"]
[EventType "tourn"]
[EventCountry "GER"]
[SourceTitle "playchess.com"]
[Source "ChessBase"]
[SourceQuality "1"]
[TimeControl "180+2"]

1. c4 c6 2. g3 d5 3. Bg2 Nf6 4. b3 e5 5. Bb2 Bd6 6. d3 O-O 7. e3 Bf5 8. Ne2 Re8 9. O-O Nbd7 10. d4 Rc8 11. cxd5 cxd5 12. dxe5 Bxe5 13. Bxe5 Nxe5 14. Nbc3 Nd3 15. Qd2 Nb4 16. a3 Nc2 17. Ra2 d4 18. exd4 1-0

[Event "German-ch Blitz Women 2022"]
[Site "Magdeburg"]
[Date "2022.08.13"]
[Round "2.12"]
[White "Kunze, Kerstin"]
[Black "Doll, Rebecca"]
[Result "0-1"]
[ECO "C77"]
[WhiteElo "2020"]
[BlackElo "1933"]
[Annotator "TA"]
[PlyCount "75"]
[EventDate "2022.08.10"]
[EventType "tourn"]
[EventCountry "GER"]
[SourceTitle "playchess.com"]
[Source "ChessBase"]
[SourceQuality "1"]
[TimeControl "180+2"]

1. e4 e5 2. Nf3 Nc6 3. Bb5 a6 4. Ba4 Nf6 5. d3 b5 6. Bb3 Be7 7. O-O {[%emt 0:00:08] 7.a4 is more advanced technology.} O-O 8. a4 Bb7 9. c3 {[%emt 0:00:05] C84: Closed Ruy Lopez: Unusual White 6th moves.} d6 10. Nbd2 Re8 11. Re1 {[%emt 0:00:02] White has an edge.} Bf8 (11... Na5 $11) 12. Nf1 (12. Ng5 {feels hotter.} Re7 13. Bxf7+ Rxf7 14. axb5 axb5 15. Qb3) 12... Na5 13. Ba2 c5 14. Ng3 (14. Bg5 $14) 14... c4 {[%emt 0:00:43] [#]} (14... h6 $11) 15. d4 $146 ({White should try} 15. Bg5 $14) ({Predecessor:} 15. dxc4 bxc4 16. Qe2 Rc8 17. Rd1 Qc7 18. Bg5 Nd7 19. Nh4 {0-1 (72) Granda Berdayes,E-Gonzalez Pardo,D Asturias 1998}) 15... exd4 $1 $15 16. Nxd4 Nxe4 17. Nxe4 Bxe4 18. axb5 axb5 19. Bf4 Qf6 20. Bg3 Bd3 21. Nxb5 {[%emt 0:00:09] [#]} (21. Bb1 $11 Bxb1 22. Qxb1) 21... Nb3 $2 {[%emt 0:00:06][%mdl 8192] Black is more active.} (21... Rxe1+ $1 $17 {and life is bright.} 22. Qxe1 Rb8) 22. Bxb3 (22. Rxe8 $16 Rxe8 23. Bxb3) 22... Rxa1 $14 23. Qxa1 Rxe1+ 24. Qxe1 cxb3 25. Nd4 Qe7 26. Qd1 Bc4 27. h3 h6 (27... h5 $11 {keeps the balance.}) 28. Kh2 (28. Nxb3 $16 Qe4 29. Nd4) 28... d5 $11 29. Qg4 Qe4 30. Qc8 {[%emt 0:00:09] Threatens to win with Bd6.} Qe7 {[%emt 0:00:05] Against Bd6} 31. Nf5 (31. Qb8 $16) 31... Qf6 $2 (31... Qe6 $15 {keeps the upper hand.} 32. Qxe6 fxe6) 32. Bd6 $1 $18 Kh7 33. Bxf8 Bd3 (33... Qe5+ $142 34. Ng3 Qf4) 34. Ng3 (34. Bxg7 $142 {White wants to mate with Qh8+.} Qxg7 35. Nxg7 Kxg7 36. Qg4+ Kf8 37. Qb4+ Ke8 38. Qxb3) 34... Qxf2 {[%emt 0:00:01] [#]} (34... Bg6 $142 35. Qc5 Qe5) 35. Bd6 $2 (35. Bxg7 $1 $18 {[%mdl 512] Qh8+ would kill now.} Qxg3+ 36. Kxg3 Kxg7 37. Qg4+ Kf8 38. Qf4) 35... Be4 $2 (35... Qxb2 $11 {and Black stays safe.} 36. Qb7 Qc2) 36. Nxe4 dxe4 37. Qg4 e3 38. Qd1 $2 {[%mdl 32768] Weighted Error Value: White=0.74/Black=0.79. Loss on time!?} (38. Bf8 $18 Qf6 39. Qe4+ Kg8 40. Bc5) 0-1

[Event "German-ch Blitz Women 2022"]
[Site "Magdeburg"]
[Date "2022.08.13"]
[Round "3.1"]
[White "Doll, Rebecca"]
[Black "Paehtz, Elisabeth"]
[Result "0-1"]
[ECO "B92"]
[WhiteElo "1933"]
[BlackElo "2484"]
[Annotator "TA"]
[PlyCount "102"]
[EventDate "2022.08.10"]
[EventType "tourn"]
[EventCountry "GER"]
[SourceTitle "playchess.com"]
[Source "ChessBase"]
[SourceQuality "1"]
[TimeControl "180+2"]

1. e4 c5 2. Nf3 d6 3. d4 cxd4 4. Nxd4 Nf6 5. Nc3 a6 6. Be2 e5 7. Nf3 h6 8. a4 Be6 {[%emt 0:00:02] B92: Sicilian Najdorf: 6 Be2.} 9. O-O Nbd7 10. Re1 Be7 {[%emt 0:00:02] The position is equal.} 11. a5 Rc8 12. Be3 O-O {[%emt 0:00:08][%cal Oc8c3] [#]} 13. Bd3 $146 ({Predecessor:} 13. Nd2 d5 14. exd5 Nxd5 15. Nxd5 Bxd5 16. Bf3 Bxf3 17. Nxf3 Qc7 18. c3 Rfe8 19. Qd5 {½-½ (25) Istona,M (2173)-Postupa,P (2241) Prague 2016}) 13... Nc5 14. Qe2 Nxd3 15. cxd3 Qc7 16. d4 Bc4 17. Qd2 Rfe8 18. d5 Qd7 19. Ra4 $2 {[%emt 0:00:22][%mdl 8192] [#]} (19. h3 $14) 19... Bf8 $2 (19... Nxe4 $1 $19 20. Qd1 Nxc3 21. bxc3 Bxd5 $1 ) 20. Rb4 $16 Ng4 (20... Be7 $16) 21. h3 (21. Na4 $1 $18 {[%cal Ra4b6] And now Nb6 would win.} Bb5 22. Nb6) 21... Nxe3 $14 22. Qxe3 Qc7 (22... Bb5 $14) 23. Qb6 (23. Nd2 $18 {has better winning chances.} Bb5 24. Nxb5) 23... Qxb6 $16 24. Rxb6 Rc7 (24... Be7 $14) 25. Rd1 ({White should try} 25. Re3 $16) 25... Rec8 $14 26. Nh4 g6 $1 {[%emt 0:00:06] Prevents Nf5.} 27. Nf3 Be7 {[%emt 0:00:08] [#]} 28. Nd2 (28. Nxe5 $1 $14 dxe5 29. d6) 28... Bd3 29. Nf3 Bc2 (29... Bc4 $11) 30. Rd2 $16 Rxc3 31. bxc3 Bxe4 {[%emt 0:00:01] [#]} 32. Rxb7 (32. Rb4 $1 $18 f5 33. Rxb7) 32... Bd8 $14 33. Rd7 ({White should play} 33. Rb4 $16 Bxf3 34. Rdb2 (34. gxf3 Bxa5 35. Ra4 Bxc3 $14)) 33... Bc7 $1 $15 34. Re2 Bf5 35. Re7 {[%emt 0:00:03] Black converts the advantage convincingly.} (35. Rxc7 $1 $15 Rxc7 36. Rb2) 35... Kf8 $19 {[%emt 0:00:01][%mdl 64] Trapped Piece} 36. Rxc7 Rxc7 {[%emt 0:00:01][%mdl 4096] Endgame KRB-KRN} 37. Re3 Rc5 38. Nd2 Rxa5 39. c4 Bd7 ({Better is} 39... Ra1+ $19 40. Kh2 Ra2) 40. Nb3 (40. Rb3 $17 {might work better.}) 40... Ra3 41. Rd3 $2 (41. Kf1) 41... Bf5 {[%emt 0:00:08] Black is clearly winning.} 42. Rg3 Bc2 43. Nd2 Rxg3 44. fxg3 {[%emt 0:00:01] KB-KN} a5 {[%emt 0:00:01][%cal Ba6a5,Ba5a4,Ba4a3,Ba3a2][%mdl 32] ...a4 is the strong threat.} 45. Kf2 a4 46. c5 dxc5 47. Nc4 Bb3 48. Nxe5 a3 49. Nd7+ Ke7 50. Nxc5 Bxd5 {[%emt 0:00:02] ( -> ...Kd6)} 51. Nd3 a2 {[%emt 0:00:02] Weighted Error Value: White=1.00/Black=0.40} 0-1